 Dungeon Crawl Stone Soup version 0.27-a0-920-gb2bd10914a (webtiles) character file.

Game seed: 13228373169152420532

21 Modus718 the Vexing (level 2, -2/28 HPs)
             Began as an Ogre Arcane Marksman on Apr 10, 2021.
             Slain by a quokka (4 damage)
             ... on level 1 of the Dungeon.
             The game lasted 00:04:10 (894 turns).

Modus718 the Vexing (Ogre Arcane Marksman)           Turns: 894, Time: 00:04:12

Health: -2/28      AC:  3    Str: 13    XL:     2   Next: 83%
Magic:  3/4        EV: 10    Int: 14    God:
Gold:   0          SH:  0    Dex:  9    Spells: 3/4 levels left

rFire    . . .     SeeInvis .   e - +0 club
rCold    . . .     Faith    .   (no shield)
rNeg     . . .     Spirit   .   a - +0 robe
rPois    .         Reflect  .   (helmet restricted)
rElec    .         Harm     .   (no cloak)
rCorr    .         Rampage  .   (gloves unavailable)
Will     .....                  (boots unavailable)
Stlth    +.........             (no amulet)
HPRegen  0.09/turn              (no ring)
MPRegen  0.09/turn              (no ring)

@: no status effects
A: large, unfitting armour, tough skin 1
a: no special abilities


You were on level 1 of the Dungeon.
You visited 1 branch of the dungeon, and saw 1 of its levels.

Inventory:

Hand Weapons
 e - a +0 club (weapon)
Missiles
 d - a throwing net (quivered)
Armour
 a - a +0 robe (worn)
 h - a +0 pair of gloves
Scrolls
 g - a scroll of identify {unknown}
Potions
 b - a potion of invisibility {unknown}
 f - a potion of curing {unknown}


   Skills:
 + Level 2.0 Fighting
 + Level 2.2 Throwing
 + Level 2.0 Dodging
 + Level 1.7 Spellcasting
 + Level 2.9 Hexes


You had 3 spell levels left.
You knew the following spells:

 Your Spells              Type           Power      Damage    Failure   Level
a - Corona                Hex            10%        N/A       8%          1

Your spell library contained the following spells:

 Spells                   Type           Power      Damage    Failure   Level
 Slow                     Hex            9%         N/A       11%         2
 Inner Flame              Hex/Fire       5%         N/A       38%         3
 Portal Projectile        Hex/Tloc       10%        N/A       38%         3
 Cause Fear               Hex            4%         N/A       58%         4
 Leda's Liquefaction      Hex/Erth       2%         N/A       80%         4


Dungeon Overview and Level Annotations

Branches:
Dungeon (1/15)

Altars:


Innate Abilities, Weirdness & Mutations

You are too large for most types of armour.
You have tough skin. (AC +1)


Message History

You closely miss the quokka. The quokka misses you.
You closely miss the quokka. The quokka bites you. x2
You barely miss the quokka. The quokka bites you. The quokka barely misses you.
You are too injured to fight recklessly!
You are too injured to fight recklessly!
You are too injured to fight recklessly!
Casting: Corona (safe; 8% risk of failure)
Confirm with . or Enter, or press ? or * to list all spells.
Aiming: Corona (safe; 8% risk of failure)
Press: ? - help, Shift-Dir - straight line, f/p - quokka
Aim: a quokka (chance to affect: 62%)
The quokka is outlined in light.
The quokka bites you.
Throw: 2 large rocks
Press: ? - help, Q - select action, (/) - cycle Shift-Dir - straight line, f/p - quokka
Aim: a quokka (softly glowing, 64% to hit)
You throw a large rock.
The large rock barely misses the quokka.
The quokka bites you.
* * * LOW HITPOINT WARNING * * *
The quokka closely misses you.
Throw: large rock
Press: ? - help, Q - select action, (/) - cycle Shift-Dir - straight line, f/p - quokka
Aim: a quokka (softly glowing, 64% to hit)
You throw a large rock.
The large rock barely misses the quokka.
The quokka bites you.
* * * LOW HITPOINT WARNING * * *
The quokka bites you.
* * * LOW HITPOINT WARNING * * *
Aiming: Corona (safe; 8% risk of failure)
Press: ? - help, Q - select action, (/) - cycle Shift-Dir - straight line, f/p - quokka
Aim: a quokka (softly glowing, chance to affect: 62%)
Okay, then.
Throw: 2 throwing nets
Press: ? - help, Q - select action, (/) - cycle Shift-Dir - straight line, f/p - quokka
Aim: a quokka (softly glowing, 64% to hit)
You throw a throwing net.
The throwing net closely misses the quokka.
The quokka bites you.
You die...

#.# #.# .. #.# ... #>#
######.### #.#
.........##### #.# #
##...........# #.#
#.#.##........# #.# #.#
#(..$r@....#..###.###..
(....##.................
####...........###.####.
#.####.##...###.# #. #
#..........# #.
####.####### #. ##.## ##
#...# #...# ####


You could see a quokka (corona).

Vanquished Creatures
  A ball python (D:1)
  3 bats (D:1)
  An endoplasm (D:1)
  2 goblins (D:1)
  3 hobgoblins (D:1)
  4 jackals (D:1)
  A frilled lizard (D:1)
  3 rats (D:1)
18 creatures vanquished.

Notes
Turn   | Place    | Note
-------+----------+-------------------------------------------
     0 | D:1      | Modus718 the Ogre Arcane Marksman began the quest for the
                  | Orb.
     0 | D:1      | Reached XP level 1. HP: 19/19 MP: 2/2
   359 | D:1      | Reached XP level 2. HP: 19/28 MP: 4/4
   894 | D:1      | Slain by a quokka

Illustrated notes

Levels and vault maps discovered:
D:1:      minmay_arrival_stair_chambers, layout_loops_cross

Skill      XL: |  1  2 |
---------------+-------+-----
Dodging        | 2 |  2.0
Fighting       | 2 |  2.0
Throwing       | |  2.2
Spellcasting   | |  1.7
Hexes          | |  2.9

Action                   || total
-------------------------++-------
Melee: Unarmed           ||    39
       Club              ||    30
Throw: Large rock        ||    21
       Throwing net      ||     1
 Cast: Corona            ||     8
Armor: Robe              ||    24
Dodge: Dodged            ||    52

Table legend: (Time is in decaauts)
 A = Elapsed time spent in this place.
 B = Non-inter-level travel time spent in this place.
 C = Inter-level travel time spent in this place.
 D = Time resting spent in this place.
 E = Time spent auto-exploring this place.
 F = Levels seen in this place.
 G = Mean time per level.
                   A        B        C        D        E       F      G
               +--------+--------+--------+--------+--------+-----+--------+
         Total |    921 |    921 |      0 |    581 |    121 |   1 |  921.0 |
       Dungeon |    921 |    921 |      0 |    581 |    121 |   1 |  921.0 |
               +--------+--------+--------+--------+--------+-----+--------+

Top non-repeatable levels by time:
     D:1: 921 daAuts
